 Dungeon Crawl Stone Soup version 0.30-a0-219-gf2db51d15e (webtiles) character file.

Game seed: 13912319599033608788

12 Decritt the Vexing (level 2, -6/16 HPs)
             Began as a Kobold Hexslinger on Oct 7, 2022.
             Mangled by Crazy Yiuf
             ... wielding a +3 quarterstaff of chaos
              (14 damage)
             ... on level 2 of the Dungeon.
             The game lasted 00:02:07 (895 turns).

Decritt the Vexing (Kobold Hexslinger)               Turns: 895, Time: 00:02:08

Health: -6/16      AC:  2    Str:  7    XL:     2   Next: 45%
Magic:  3/3        EV: 15    Int: 14    God:
Gold:   0          SH:  0    Dex: 15    Spells: 2/3 levels left

rFire   . . .      SeeInvis .    a - +1 sling
rCold   . . .      Faith    .    (no shield)
rNeg    . . .      Spirit   .    c - +0 robe
rPois   .          Reflect  .    (no helmet)
rElec   .          Harm     .    (no cloak)
rCorr   .          Rampage  .    (no gloves)
Will    .....                    (no boots)
Stlth   +++.......               (no amulet)
HPRegen 0.22/turn                (no ring)
MPRegen 0.08/turn                (no ring)

@: attractive, slowed, very slow
A: small, no large weapons, nightstalker 3
a: no special abilities


You were on level 2 of the Dungeon.
You visited 1 branch of the dungeon, and saw 2 of its levels.

Inventory:

Hand Weapons
 a - a +1 sling (weapon)
Armour
 c - a +0 robe (worn)
Scrolls
 b - a scroll of poison
 d - a scroll of identify {unknown}
 f - a scroll of vulnerability {unknown}
 g - a scroll of silence {unknown}
 h - a scroll of fog {unknown}


   Skills:
 + Level 1.3 Fighting
 + Level 3.0 Ranged Weapons
 + Level 2.6 Dodging
 + Level 0.8 Stealth
 + Level 1.3 Spellcasting
 + Level 3.1 Hexes


You had 2 spell levels left.
You knew the following spells:

 Your Spells              Type           Power      Damage    Failure   Level
a - Slow                  Hex            36%        N/A       7%          1

Your spell library contained the following spells:

 Spells                   Type           Power      Damage    Failure   Level
 Kiss of Death            Conj/Necr      0%         2d5       26%         1
 Confusing Touch          Hex            9%         N/A       22%         3
 Inner Flame              Hex/Fire       5%         N/A       38%         3
 Portal Projectile        Hex/Tloc       10%        N/A       38%         3
 Cause Fear               Hex            4%         N/A       56%         4
 Dispel Undead            Necr           0%         3d6       95%         4


Dungeon Overview and Level Annotations

Branches:
Dungeon (2/15)

Altars:

Annotations:
D:2 Crazy Yiuf


Innate Abilities, Weirdness & Mutations

You are small and have problems with some larger weapons.
You are completely attuned to the shadows.


Message History

Crazy Yiuf attacks as you move away!
Crazy Yiuf hits you with a +3 quarterstaff of chaos!
Ouch! That really hurt!
* * * LOW HITPOINT WARNING * * *
You feel yourself slow down.
Okay, then.
It was a potion of attraction.
You feel attractive to monsters. Crazy Yiuf closely misses you.
Crazy Yiuf whimpers, "Millenium stair sizzlefizz!"
Crazy Yiuf barely misses you.
It was a potion of heal wounds.
You feel much better.
Crazy Yiuf cries, "Lugonu!"
Crazy Yiuf barely misses you.
Crazy Yiuf whimpers, "Buddy spinner tea!"
Crazy Yiuf says, "Cards shoe horse!"
Crazy Yiuf misses you.
You aren't carrying any potions.
Unknown command.
Really read the scroll of poison?
The air fills with toxic fumes!
As you read the scroll of poison, it crumbles to dust.
Crazy Yiuf hits you with a +3 quarterstaff of chaos!
Ouch! That really hurt!
* * * LOW HITPOINT WARNING * * *
Crazy Yiuf freezes you.
* * * LOW HITPOINT WARNING * * *
Crazy Yiuf says, "Millenium seventy pizzabubble!"
Crazy Yiuf completely misses you.
Really walk into that cloud of poison gas?
Okay, then.
Crazy Yiuf misses you.
You shoot a sling bullet.
The sling bullet closely misses Crazy Yiuf.
Crazy Yiuf closely misses you. Crazy Yiuf misses you.
You shoot a sling bullet. The sling bullet hits Crazy Yiuf!
Crazy Yiuf is severely wounded.
Crazy Yiuf hits you with a +3 quarterstaff of chaos!
Ouch! That really hurt!
You die...

##.##.#
##.##.#
#..##.#
#.###.#
#§# #.#
#§# #.#
#☼# #.#
####g###☼#
.§§§§@§§☼#
.§§§§#####
######


You could see Crazy Yiuf.

Vanquished Creatures
  2 endoplasms (D:1)
  A giant cockroach (D:1)
  2 goblins (D:1)
  A quokka (D:1)
  A ball python (D:1)
  A bat (D:1)
  3 kobolds (D:1)
  2 rats (D:1)
13 creatures vanquished.

Notes
Turn   | Place    | Note
-------+----------+-------------------------------------------
     0 | D:1      | Decritt the Kobold Hexslinger began the quest for the Orb.
     0 | D:1      | Reached XP level 1. HP: 12/12 MP: 2/2
    26 | D:1      | Noticed an electric eel
   350 | D:1      | Reached XP level 2. HP: 15/16 MP: 1/3
   862 | D:2      | Found a runed translucent door.
   865 | D:2      | Noticed Crazy Yiuf
   895 | D:2      | Mangled by Crazy Yiuf

Illustrated notes

Levels and vault maps discovered:
D:1:      arrival_aquarium_a, layout_loops_ring
D:2:      layout_loops_ring, uniq_sigmund, uniq_crazy_yiuf_cottage

Skill      XL: |  1  2 |
---------------+-------+-----
Ranged Weapons | 3 |  3.0
Fighting       | |  1.3
Dodging        | |  2.6
Stealth        | |  0.8
Spellcasting   | |  1.3
Hexes          | |  3.1

Action                   || total
-------------------------++-------
 Fire: Sling             ||    39
 Cast: Slow              ||     6
  Use: Potion            ||     2
       Scroll            ||     1
Armor: Robe              ||     1
Dodge: Dodged            ||    24

Table legend: (Time is in decaauts)
 A = Elapsed time spent in this place.
 B = Non-inter-level travel time spent in this place.
 C = Inter-level travel time spent in this place.
 D = Time resting spent in this place.
 E = Time spent auto-exploring this place.
 F = Levels seen in this place.
 G = Mean time per level.
                   A        B        C        D        E       F      G
               +--------+--------+--------+--------+--------+-----+--------+
         Total |    907 |    878 |     29 |     19 |    735 |   2 |  453.5 |
       Dungeon |    907 |    878 |     29 |     19 |    735 |   2 |  453.5 |
               +--------+--------+--------+--------+--------+-----+--------+

Top non-repeatable levels by time:
     D:1: 786 daAuts
     D:2: 121 daAuts
